 Dungeon Crawl Stone Soup version 0.17-a0-1882-g750edc8 (webtiles) character file.

77 4thArraOfDagon the Ruffian (level 4, -7/44 HPs)
             Began as a Troll Monk on Sept 22, 2015.
             Killed from afar by Pikaro's ghost (29 damage)
             ... with a bolt of negative energy
             ... on level 5 of the Dungeon.
             The game lasted 00:02:54 (615 turns).

4thArraOfDagon the Ruffian (Troll Monk)              Turns: 615, Time: 00:02:54

Health: -7/44      AC:  5    Str: 19    XL:     4   Next: 14%
Magic:  3/3        EV: 10    Int:  7    God:
Gold:   83         SH:  0    Dex: 12    Spells: 0 memorised, 3 levels left

rFire  . . .     SeeInvis .       - Unarmed
rCold  . . .     Clarity  .     a - +0 robe
rNeg   . . .     SustAt   .     (no shield)
rPois  .         Gourm    +     (helmet restricted)
rElec  .         Spirit   .     (no cloak)
rCorr  .         Warding  .     (gloves unavailable)
rMut   .         Stasis   .     (boots unavailable)
MR     .....                    (no amulet)
Stlth  +.........               (no ring)
                                (no ring)

@: heavily drained, not resistant to hostile enchantments, very unstealthy
A: unfitting armour, claws 3, fast metabolism 3, gourmand, regeneration 2,
shaggy fur 1, tough skin 2
a: no special abilities


You were on level 5 of the Dungeon.
You were full.

You visited 1 branch of the dungeon, and saw 5 of its levels.

You collected 83 gold pieces.

Inventory:

Armour
 a - a +0 robe (worn)
Jewellery
 c - an uncursed amulet of stasis
Scrolls
 f - a scroll of blinking {unknown}
 g - 2 scrolls of identify {unknown}
 i - a scroll of enchant weapon {unknown}
Potions
 e - a potion of lignification {unknown}
 h - a potion of agility {unknown}
 j - a potion of might {unknown}
 k - a potion of curing
Comestibles
 b - 3 bread rations
 d - a meat ration


   Skills:
 - Level 2.4(1.3) Fighting
 + Level 3.2(2.0) Dodging
 - Level 1.1(0.0) Stealth
 * Level 5.1(3.9) Unarmed Combat


You had 3 spell levels left.
You didn't know any spells.

Dungeon Overview and Level Annotations

Branches:
Dungeon (5/15)
 Temple: D:4-7

Altars:

Annotations:
D:5 Pikaro's ghost, experienced DrVM


Innate Abilities, Weirdness & Mutations

You are too large for most types of armour.
You have claws for hands.
Your metabolism is lightning-fast.
You like to eat raw meat.
You heal very quickly.
You are covered in fur (AC +1).
You have very tough skin (AC +2).


Message History

You destroy the quokka zombie!
No target in view!
No target in view!
Pikaro's ghost (experienced Black Draconian Venom Mage) comes into view.
Pikaro's ghost moves out of view.
Pikaro's ghost turns its malevolent gaze towards you.
Unknown command.
Found 14 gold pieces and a scroll labeled ZICIZE DYTIDEU.
Unknown command.
You miss Pikaro's ghost.
Pikaro's ghost breathes negative energy at you.
The bolt of negative energy hits you!
You feel drained.
You closely miss Pikaro's ghost. Pikaro's ghost hits you.
You scratch Pikaro's ghost but do no damage.
You closely miss Pikaro's ghost. Pikaro's ghost misses you.
You miss Pikaro's ghost.
Pikaro's ghost breathes negative energy at you.
The bolt of negative energy hits you!
You feel drained.
Ouch! That really hurt!
You die...

#. #? # #. #.# # #. #.
... #.#.##. ###.###
########...... ......$
##............. .......
##...## ###.##.
.......##.....### .##.
......W@........####>##.
.......##............##.
....... ##....#.#......Z
....... ##.#.#.#.#####.
###.### #........# #. #.
#.#####..#####. # #.
#........ .. #.######.
#.. #)# #.


You could see Pikaro's ghost.

Vanquished Creatures
  A centaur zombie (D:4)
  A giant frog zombie (D:5)
  A worm (D:4)
  An orc (D:3)
  A bat (D:3)
  A goblin (D:1)
  A hobgoblin (D:3)
  A kobold (D:3)
  A giant cockroach (D:3)
  2 giant newts (D:1)
  A quokka zombie (D:5)
  A rat (D:3)
13 creatures vanquished.

Notes
Turn   | Place    | Note
--------------------------------------------------------------
     0 | D:1      | 4thArraOfDagon the Troll Monk began the quest for the Orb.
     0 | D:1      | Reached XP level 1. HP: 22/22 MP: 0/0
   294 | D:3      | Reached XP level 2. HP: 29/29 MP: 1/1
   496 | D:4      | Reached XP level 3. HP: 31/36 MP: 2/2
   540 | D:5      | Entered Level 5 of the Dungeon
   598 | D:5      | Reached skill level 5 in Unarmed Combat
   598 | D:5      | Reached XP level 4. HP: 36/44 MP: 3/3
   607 | D:5      | Noticed Pikaro's ghost (experienced DrVM)
   615 | D:5      | Killed from afar by Pikaro's ghost

Vault maps used:
D:1:      grunt_arrival_crossed_arrows
D:3:      hangedman_glass_garden
D:4:      first_bread, serial_undead, serial_undead_d, serial_undead_e,
          serial_undead_f, serial_undead_f, uniq_robin, uniq_eustachio
D:5:      uniq_sigmund

Action                   |  1- 3 |  4- 6 || total
-------------------------+-------+-------++-------
Melee: Unarmed           |    39 |     6 ||    45
  Use: Potion            |     2 |       ||     2
  Eat: Chunk             |     7 |       ||     7
